Workbook

Sheet Historico SMMLV
A1: Año | B1: SMMLV
A2: 1984 | B2: 11298
A3: 1985 | B3: 13558
A4: 1986 | B4: 16811
A5: 1987 | B5: 20510
A6: 1988 | B6: 25637
A7: 1989 | B7: 32560
A8: 1990 | B8: 41025
A9: 1991 | B9: 51716
A10: 1992 | B10: 65190
A11: 1993 | B11: 81510
A12: 1994 | B12: 98700
A13: 1995 | B13: 118934
... A38: 2020 | B38: 877803

Sheet HABILITANTE 
A1: ALCALDIA LOCAL DE PUENTE ARANDA
A2: INFRAESTRUCTURA FDLPA
A4: CONCURSO DE MERITOS CMA FDLPA 029-2021
A6: REALIZAR LA INTERVENTORÍA TÉCNICA, ADMINISTRATIVA, FINANCIERA, JURÍDICA, SOCIAL, AMBIENTAL Y SST AL CONTRATO DE OBRA PUBLICA QUE TENDRÁ POR OBJETO “EJECUTAR A PRECIOS UNITARIOS FIJOS SIN FORMULA DE REAJUSTE Y A MONTO AGOTABLE LAS OBRAS DE MANTENIMIENTO Y/O REPARACIONES LOCATIVAS DE LOS SALONES COMUNALES DE LA LOCALIDAD DE PUENTE ARANDA A EN LA CIUDAD DE BOGOTÁ D.C.”
A7: PRESUPUESTO OFICIAL: | H7: 76958053
A8: SMMLV: | H8: =H7/908526 -> 84.706495
A9: VALOR MINIMO A CERTIFICAR (150%) | H9: =H8*150% -> 127.05974
A11: EVALUACION TECNICA
A12: INFORMACION PROPONENTE | L12: PROPUESTA N°
A13: PROPONENTE: | D13: =+D17 -> ICI LTDA INSPECCIONES Y CONSTRUCCIONES INDUSTRIALES LTDA | L13: =D15 -> 5
A14: REPRESENTANTE LEGAL: | D14: JUAN PABLO CASTELLANOS SÁNCHEZ
A15: PROPUESTA N° | D15: 5
A16: INTEGRANTES: | D16: NOMBRE / RAZON SOCIAL | F16: NIT | G16: C.C. / NIT | H16: % PARTICIPACION | I16: REPRESENTANTE LEGAL | K16: C.C. / NIT
D17: ICI LTDA INSPECCIONES Y CONSTRUCCIONES INDUSTRIALES LTDA | F17: 829.000.757 – 4 | G17: 19597865 | H17: 1 | I17: =+D14 -> JUAN PABLO CASTELLANOS SÁNCHEZ | K17: 19275138
A21: IDONEIDAD (2.1) | D21: CUMPLE
A23: CLASIFICACIÓN UNSPSC (811015, 811022, 801016)
A24: INTEGRANTE | H24: SEGMENTO | I24: FAMILIA | J24: CLASE | K24: CUMPLE
A25: =D17 -> ICI LTDA INSPECCIONES Y CONSTRUCCIONES INDUSTRIALES LTDA | K25: CUMPLE
K26: CUMPLE
K29: CUMPLE
A31: Observaciones: EL NUMERO RELACIONADO EN EL FORMATO 3 PARA VERIFICACIÓN EN EL RUP CORRESPONDIENTE A 52 NO ES EL QUE APARECE REGSITRADO EN EL RUP, PARA LA VERIFICACIÓN DE LA EXPERIENCIA REQUERIDA EN ESTE PRESENTE PROCESO DE CONTRATACIÓN Y VERIFICACIÓN DE LOS CODIGOS UNSPSC.
A33: 3.5 EXPERIENCIA PROPONENTE (Formato 3 – Experiencia para todos los Proponentes)
A34: N° ANOTACIÓN RUP | B34: No. DE CONTRATO Y ENTIDAD CONTRATANTE | C34: CONTRATISTA | D34: % PARTICIPACION | E34: OBJETO | F34: FECHA DE TERMINACIÓN | G34: VALOR | H34: VALOR CONVERTIDO A SALARIOS MÍNIMOS DE ACUERDO A FECHA DE TERMINACIÓN | I34: VALOR CONVERTIDO A SALARIOS MÍNIMOS AFECTADO POR EL PORCENTAJE DE PARTICIPACIÓN | J34: CLASIFICADOR RUP | K34: VALOR EN S.M.M.L.V. | L34: OBSERVACIONES
A35: 52 | B35: 273-CENAC-INGENIEROS-2019 CENAC INGENIEROS | C35: =+D17 -> ICI LTDA INSPECCIONES Y CONSTRUCCIONES INDUSTRIALES LTDA | D35: 0.5 | E35: INTERVENTORIA TECNICA, ADMINISTRATIVA, FINANCIERA, AMBIENTAL, JURIDICA Y CONTABLE PARA EL/LOS CONTRATOS DE OBRA RESULTANTES DEL PROCESO DE LICITACION PUBLICA No 134 –DIADQ-CADCO CENAC INGENIEROS - 2019 CUYO OBJETO ES: REALIZAR EL MANTENIMIENTOS DE LOS ALOJAMIENTOS DE TROPA, COMEDORES DE TROPA Y BATERIAS SANITARIAS PARA LAS UNIDADES MILITARES A NIVEL NACIONAL | F35: 43772 | G35: 338803500 | H35: 385.96 | I35: =H35*D35 -> 192.98 | J35: 81141500 81101500
K37: =+H37*D37 -> 0
K38: =H38*D38 -> 0
K39: =H39*D39 -> 0
H40: SMMLV | I40: =SUM(I35) -> 192.98 | K40: {=K35:K37+#REF!} -> #REF! | L40: >=127,06
K41: #REF! | L41: CUMPLE | N41: CUMPLE | O41: NO CUMPLE
K42: #REF!
H43: PROMEDIO | I43: =AVERAGE(I35:I36) -> 192.98
A45: REALIZAR LA INTERVENTORÍA INTEGRAL A CONTRATOS QUE HAYAN EJECUTADO OBRAS DE CONSTRUCCIÓN y/o ADECUACIONES y/o MEJORAMIENTO y/o REMODELACIÓN y/o MANTENIMIENTO y/o REPARACIONES LOCATIVAS DE EDIFICACIONES CON USO INSTITUCIONAL Y/O DOTACIONALES | I45: CUMPLE | J45: SI | K45: {=J44SI} -> #NAME? | N45: SI | O45: NO
A46: ADJUNTA FORMATO 8 - CARTA DE COMPROMISO DEL PERSONAL MINIMO REQUERIDO ( DIRECTOR DE INTERVENTORÍA y RESIDENTE DE INTERVENTORÍA) | I46: CUMPLE | J46: SI
A47: Observaciones:
A49: EVALUACION PERSONAL CLAVE (DIRECTOR DE INTERVENTORÍA Y RESIDENTE DE INTERVENTORÍA)
A50: FORMATO 12 | B50: SI | G50: FORMATO 12 | H50: SI
A52: DIRECTOR DE OBRA | H52: RESIDENTE DE OBRA
A53: NOMBRE | B53: LEONARDO MANTILLA NOGUERA | H53: NOMBRE | I53: JUAN CAMILO CALDERON URUEÑA
A54: TÍTULO | B54: INGENIERO CIVIL | E54: CUMPLE | H54: TÍTULO | I54: INGENIERO CIVIL | L54: CUMPLE
A55: EXPERIENCIA GENERAL (AÑOS) | B55: 23 | D55: >= 6 AÑOS | E55: CUMPLE | H55: EXPERIENCIA GENERAL (AÑOS) | I55: 6 | J55: >= 4 AÑOS | L55: CUMPLE
A56: EXPERIENCIA ESPECIFICA ( NUMERO DE PROYECTOS) | B56: 4 | E56: CUMPLE | H56: EXPERIENCIA ESPECIFICA ( NUMERO DE PROYECTOS) | I56: 2 | L56: CUMPLE
A57: Documentos cédula, Vigencia Copnia, Diplomas | E57: CUMPLE | H57: Documentos cédula, Vigencia Copnia, Diplomas | L57: CUMPLE
A59: ENTIDAD CONTRATANTE CONTRATO No. | B59: OBJETO | E59: CARGO OCUPADO | H59: ENTIDAD CONTRATANTE CONTRATO No. | I59: OBJETO | L59: CARGO OCUPADO
A60: ALCALDIA DE BARRANCABERMEJA | B60: INTERVENTORIA TECNICA, FINANCIERA, ADMINISTRATIVA Y AMBIENTAL PARA REALIZAR POR EL SISTEMA DE PRECIOS UNITARIOS FIJOS SIN FORMULA DE AJUSTE LA CONTRUCCION DEL BLOQUE DE AULAS Y BATERIAS SANITARIAS DE LA INSTITUCION EDUCATIVA JOSE PRUDENCIO PADILLA CASD/FASEII – MUNICIPIO DE BARRANCABERMEJA | E60: DIRECTOR DE INTERVNETORÍA | H60: DIRECCION TERRITORIAL DE CUNDINAMARCA DEL MINISTERIO DEL TRABAJO | I60: INTERVENTORIA TECNICA ADMINISTRATIVA, FINANCIERA Y CONTABLE DEL CONTRATO QUE RESULTE ADJUDICATARIO EN EL PROCESO DE LICITACION PUBLICA MT-LP-001-2015 CUYO OBJETO CONSISTE EN “CONTRATAR A PRECIOS UNITARIOS FIJOS SIN FORMULA DE REAJUSTE, LAS OBRAS DE CONSTRUCCION PARA LA SEDE DE LA DIRECCION TERRITORIAL DE CUNDINAMARCA DEL MINISTERIO DEL TRABAJO, UBICADA EN EL MUNICIPIO DE FACATATIVA | L60: RESIDENTE DE INTERVENTORÍA
A61: ALCALDIA DE BARRANCABERMEJA | B61: INTERVENTORIA PARA LA CONSTRUCCION Y MEJORAS PARA EL ALOJAMIENTO DEL PERSONAL DE LA UNIDAD TACTICA (ALOJAMIENTOS REGULARES E INTRODUCCION) BAGRA FASE 1 SEGÚN LEY 1421 DE 2010 FISET EN EL MUNICIPIO DE BARRANCABERMEJA. | E61: DIRECTOR DE INTERVNETORÍA | H61: MUNICIPIO DE TOCANCIPÁ | I61: INTERVENTORIA TECNICA, ADMINISTRATIVA, FINANCIERA Y AMBIENTAL PARA LA CONSTRUCCION DE LA SEGUNDA ETAPA BIBLIOTECA MUNICIPAL DEL MUNICIPIO DE TOCANCIPÁ | L61: RESIDENTE DE INTERVENTORIA
A62: CENTRAL ADMINISTRATIVA Y CONTABLE ESPECIALIZADA DE INGENIEROS | B62: INTERVENTORIA TECNICA, ADMINISTRATIVA, FINANCIERA, AMBIENTAL, JURIDICA Y CONTABLE PARA EL CONTRATO DE OBRA RESULTANTE DEL PROCESO DE LICITACION PUBLICA No. 182-COADE DICRECENACINGENIEROS 2020, CUYO OBJETO ES: CONSTRUCCION ALOJAMIENTO DE OFICIALES EN EL FUERTE MILITAR LARANDIA FLORENCIA (CAQUETA)(GMRIN12) | E62: DIRECTOR DE INTERVNETORÍA
A63: CENTRAL ADMINISTRATIVA Y CONTABLE ESPECIALIZADA DE INGENIEROS | B63: “INTERVENTORÍA TÉCNICA, ADMINISTRATIVA, FINANCIERA, AMBIENTAL, JURIDICA Y CONTABLE AL CONTRATO DE OBRA CUYO OBJETO ES: “GRUPO 1: MANTENIMIENTO DEL ALOJAMIENTO DE GUARDIA PARA EL BATALLÓN DE INGENIEROS N° 5 “FRANCISCO JOSE CALDAS”; GRUPO 2: MANTENIMIENTO DEL RANCHO DE TROPA PARA EL BATALLÓN DE NFANTERIA NO3 BATALLA DE BÁRBULA; GRUPO 3: MANTENIMIENTO DEL RANCHO DE TROPA PARA EL BATALLÓN DE INFANTERÍA N°41 GENERAL RAFAEL REYES PRIETO – BIREY” | E63: DIRECTOR DE INTERVNETORÍA
A67: EVALUACION DEL PERSONAL CLAVE | K67: CUMPLE
A69: OBSERVACIONES:
A71: RESUMEN EVALUACION TECNICA - HABILITANTES
A73: Requerimiento | D73: Cumple | E73: No Cumple
A74: IDONEIDAD | D74: X
A75: RUP | E75: X
A76: EXPERIENCIA DEL PROPONENTE | E76: X
A77: PERSONAL CLAVE (DIRECTOR DE INTERVENTORIA) | D77: X | H77: PROPONENTE: | J77: =+IF(AND(D74="X",D75="X",D76="X",D77="X"),"CUMPLE","NO CUMPLE") -> NO CUMPLE
A78: PERSONAL CLAVE (RESIDENTE DE INTERVENTORÍA) | D78: X
D81: "Original Firmado"
A84: Proyectó: MAGDA LORENA DAVILA VELANDIA | G84: Revisó: FREDY MARTIN
A85: Ingeniero Contratista FDLPA | G85: Coordinador Infraestructura FDLPA
A86: Fondo de Desarrollo Local de Puente Aranda

Sheet PONDERABLE
A1: ALCALDIA LOCAL DE CIUDAD BOLIVAR
A2: INFRAESTRUCTURA FDLCB
A4: ='HABILITANTE '!A4:L4 -> CONCURSO DE MERITOS CMA FDLPA 029-2021
A6: ='HABILITANTE '!A6:L6 -> REALIZAR LA INTERVENTORÍA TÉCNICA, ADMINISTRATIVA, FINANCIERA, JURÍDICA, SOCIAL, AMBIENTAL Y SST AL CONTRATO DE OBRA PUBLICA QUE TENDRÁ POR OBJETO “EJECUTAR A PRECIOS UNITARIOS FIJOS SIN FORMULA DE REAJUSTE Y A MONTO AGOTABLE LAS OBRAS DE MANTENIMIENTO Y/O REPARACIONES LOCATIVAS DE LOS SALONES COMUNALES DE LA LOCALIDAD DE PUENTE ARANDA A EN LA CIUDAD DE BOGOTÁ D.C.”
A7: PRESUPUESTO OFICIAL: | G7: ='HABILITANTE '!H7 -> 76958053
A8: SMMLV: | G8: ='HABILITANTE '!H8 -> 84.706495
A10: EVALUACION PONDERABLE
A11: INFORMACION PROPONENTE | K11: PROPUESTA N°
A12: PROPONENTE: | D12: ='HABILITANTE '!D13:K13 -> ICI LTDA INSPECCIONES Y CONSTRUCCIONES INDUSTRIALES LTDA | K12: ='HABILITANTE '!D15 -> 5
A13: REPRESENTANTE LEGAL: | D13: ='HABILITANTE '!D14:K14 -> JUAN PABLO CASTELLANOS SÁNCHEZ
A14: INTEGRANTES: | D14: NOMBRE / RAZON SOCIAL | F14: C.C. / NIT | G14: % PARTICIPACION | I14: REPRESENTANTE LEGAL | J14: C.C. / NIT
D15: ='HABILITANTE '!D17:E17 -> ICI LTDA INSPECCIONES Y CONSTRUCCIONES INDUSTRIALES LTDA | F15: ='HABILITANTE '!G17 -> 19597865 | G15: ='HABILITANTE '!H17 -> 1 | I15: ='HABILITANTE '!I17:J17 -> JUAN PABLO CASTELLANOS SÁNCHEZ | J15: ='HABILITANTE '!K17 -> 19275138
D16: ='HABILITANTE '!D18:E18 -> 0 | F16: ='HABILITANTE '!G18 -> 0 | G16: ='HABILITANTE '!H18 -> 0 | I16: ='HABILITANTE '!I18:J18 -> 0 | J16: ='HABILITANTE '!K18 -> 0
D17: ='HABILITANTE '!D19:E19 -> 0 | F17: ='HABILITANTE '!G19 -> 0 | G17: ='HABILITANTE '!H19 -> 0 | I17: ='HABILITANTE '!I19:J19 -> 0 | J17: ='HABILITANTE '!K19 -> 0
D18: ='HABILITANTE '!D20:E20 -> 0 | F18: ='HABILITANTE '!G20 -> 0 | G18: ='HABILITANTE '!H20 -> 0 | I18: ='HABILITANTE '!I20:J20 -> 0 | J18: ='HABILITANTE '!K20 -> 0
A20: PONDERACIÓN DE LA EXPERIENCIA DEL PROPONENTE
A21: FACTOR 1
A23: FACTOR 1: Ponderación por porcentajes que representan las Σ de los valores en SMMLV de los contratos de experiencia validos | H23: 75
A25: Observación:
A26: CAPACITACION - FORMATO 5
A28: FACTOR 3: Experiencia adicional del equipo de trabajo (FORMATO 12 - EXPERIENCIA ADICIONAL ESPECÍFICA ACREDITADA DEL PROPONENTE) | H28: 10
C29: PROFESIONAL | D29: PROFESIONAL | E29: REQUERIMIENTO ADICIONAL | F29: PUNTOS
C30: UN (1) DIRECTOR DE INTERVENTORIA | E30: CUMPLE | F30: 5
C31: UN (1) RESIDENTE DE INTERVENTORIA | E31: CUMPLE | F31: 5
A34: Presenta diligenciado el Formato 5 - Capacitación | H34: 2
A35: Observación:
A37: APOYO A LA INDUSTRIA NACIONAL
D39: i). Promoción de Servicios Nacionales o con trato NacionaL | H39: 10
D40: ii). Promoción de Servicios Nacionales o con Trato Naciona
A42: Observacion
A44: VINCULACIÓN DE PERSONAS CON DISCAPACIDAD
D46: VINCULACION DE PERSONAS CON DISCAPACIDAD | H46: 1
A48: Observaciones:
A50: RESUMEN EVALUACION PONDERABLE
A53: FACTORES DE PONDERACIÓN
A54: FACTOR 1 - Ponderación por porcentajes que representan las Σ de los valores en SMMLV de los contratos de experiencia validos | D54: =+H23 -> 75
A55: FACTOR 2 - Factor de ponderación adicional de la experiencia del proponente. | D55: EN TABLA APARTE
A56: FACTOR 3 - Experiencia adicional del equipo de trabajo. | D56: =+H28 -> 10
A57: CAPACITACION | D57: =+H34 -> 2
A58: PROTECCIÓN A LA INDUSTRIA NACIONAL | D58: =+H39 -> 10
A59: TRABAJADORES CON DISCAPACIDAD | D59: =+H46 -> 1
A60: TOTAL | D60: =+D54+D56+D57+D58+D59 -> 98 | E60: =IF('HABILITANTE '!J77="NO HABILITADO","ESTE PUNTAJE SE OTORGARÁ SOLO SI EL PROPONENTE SE ENCUENTRA HABILITADO","")
D65: "Original Firmado"
A68: Proyectó: MAGDA LORENA DAVILA VELANDIA | F68: Revisó: FREDY MARTIN
A69: Ingeniero Contratista FDLPA | F69: Coordinador Infraestructura FDLPA
A70: Fondo de Desarrollo Local de Puente Aranda
